Map: Rifts to Korhal

Players

Yuriprime

  • Race: Zerg Zerg
  • Spawn Location: 7:00

ViS

  • Race: Zerg Zerg

VOD

Have the link to the VOD?

Description

Time

  • Played on: March 3, 2018, 11:37 p.m.
  • Length: 11:26
Show
View Real Time Build Order
Export as new Build Order

Yuriprime Zerg 

Build Orders:  

Get SALT Encoding   

  12  0:04  Drone  
  13  0:18  Overlord  
  13  0:25  Drone  
  14  0:43  Drone x3  
  17  1:01  Roach Warren  
  17  1:03  Drone  
  17  1:08  Drone  
  18  1:12  Drone  
  19  1:21  Drone  
  19  1:28  Roach  
  22  2:01  Spine Crawler x2  
  22  2:05  Roach, Spine Crawler  
  21  2:23  Roach  
  21  2:37  Extractor  
  21  2:38  Roach  
  21  2:39  Overlord  
  22  2:45  Brutalisk  
  22  2:55  Roach  
  22  3:17  Brutalisk  
  22  3:50  Roach  
  22  3:52  Drone, Extractor  
  22  3:53  Drone x8  
  30  4:12  Brutalisk  
  30  4:23  Overlord  
  30  4:54  Lair  
  30  4:55  Drone  
  30  4:56  Drone x4  
  35  5:30  Spire  
  35  5:31  Overlord x3  
  34  5:58  Mutalisk  
  36  6:10  Spine Crawler  
  36  6:12  Spine Crawler  
  36  6:14  Spine Crawler  
  36  6:16  Spine Crawler  
  36  6:18  Spine Crawler  
  36  6:19  Spine Crawler  
  30  6:23  Mutalisk  
  32  6:43  Spine Crawler  
  32  6:44  Mutalisk  
  31  6:55  Mutalisk  
  33  7:12  Leviathan  
  33  7:19  Mutalisk  
  33  7:22  Mutalisk  
  35  7:39  Mutalisk  
  37  7:47  Leviathan  
  37  7:58  Mutalisk  
  37  8:26  Leviathan  
  37  8:36  Mutalisk x2  
  39  8:59  Roach  
  41  9:00  Roach x8  
Show
View Real Time Build Order
Export as new Build Order

ViS Zerg 

Build Orders:  

Get SALT Encoding   

  18  0:04  Primal Drone  
  19  0:18  Primal Drone  
  19  0:19  Primal Drone  
  21  0:29  Extractor  
  21  0:53  Primal Warden  
  21  0:57  Primal Drone  
  23  1:08  Primal Drone  
  24  1:11  Primal Drone  
  25  1:34  Primal Drone  
  25  1:35  Primal Drone, Extractor  
  27  2:00  Primal Drone  
  27  2:06  Glevig's Den  
  24  2:11  Primal Drone x2  
  25  2:37  Primal Drone  
  26  3:04  Primal Drone x2  
  28  3:13  Primal Warden  
  29  3:32  Primal Warden x2  
  29  3:44  Primal Drone x2  
  29  3:46  Murvar's Den  
  30  3:56  Primal Drone  
  31  4:19  Primal Drone x2  
  33  4:20  Primal Attacks Level 1  
  33  5:03  Primal Drone x2  
  35  5:15  Primal Drone  
  36  5:46  Primal Drone x2  
  36  5:49  Primal Swarm Host  
  41  5:50  Primal Swarm Host x2  
  41  5:52  Dakrun's Den  
  46  6:17  Primal Swarm Host  
  49  6:36  Primal Drone x3  
  49  6:38  Primal Swarm Host  
  49  6:39  Primal Swarm Host  
  58  6:45  Primal Zergling x2  
  58  6:47  Primal Zergling x5  
  65  7:30  Primal Zergling  
  65  7:31  Primal Zergling x4  
  72  8:04  Primal Warden  
  72  8:05  Primal Swarm Host x3  
  72  8:06  Primal Warden  
  72  8:07  Primal Drone x3  
  84  8:27  Primal Swarm Host x2  
  84  8:28  Primal Drone x3  
  93  8:51  Primal Swarm Host  
  95  9:49  Primal Swarm Host x3  
  104  9:56  Primal Zergling x7  
  111  10:13  Primal Swarm Host  
  111  10:14  Primal Swarm Host  
Tags
 
Add a new tag
Caveats
  • Supply blocks, unpowered buildings, or Contaminate may cause inaccurate times.
  • Supply counts are checked every 10 seconds.